 Dungeon Crawl Stone Soup version 0.29-a0-492-g10b964d8d7 (webtiles) character file.

Game seed: 9500346117440614010

790 Bruhh the Ogre Mage (level 7, 0/59 HPs)
             Began as an Ogre Air Elementalist on May 27, 2022.
             Slain by an orc warrior
             ... wielding a +0 dire flail
              (12 damage)
             ... on level 5 of the Dungeon.
             The game lasted 00:07:57 (6272 turns).

Bruhh the Ogre Mage (Ogre Air Elementalist)         Turns: 6272, Time: 00:07:58

Health: 0/59       AC:  8    Str: 13    XL:     7   Next: 87%
Magic:  8/14       EV:  9    Int: 18    God:
Gold:   272        SH:  0    Dex:  9    Spells: 13/16 levels left

rFire   . . .      SeeInvis .   y - +10 hand axe of Ywnuad {holy, rC+}
rCold   + . .      Faith    .   (no shield)
rNeg    . . .      Spirit   .   a - +0 robe
rPois   .          Reflect  .   l - +2 hat
rElec   .          Harm     .   x - +2 cloak
rCorr   .          Rampage  .   (gloves unavailable)
Will    .....                   (boots unavailable)
Stlth   +.........              (no amulet)
HPRegen 0.19/turn               (no ring)
MPRegen 0.14/turn               (no ring)

@: no status effects
A: large, unfitting armour, tough skin 1
a: no special abilities


You were on level 5 of the Dungeon.
You visited 1 branch of the dungeon, and saw 6 of its levels.

You collected 272 gold pieces.

Inventory:

Hand Weapons
 c - a +0 club
 y - the +10 hand axe of Ywnuad (weapon) {holy, rC+}
   (You found it on level 5 of the Dungeon)

   It has been blessed by the Shining One to cause great damage to the undead
   and demons.
   rC:        It protects you from cold.
Missiles
 p - 2 throwing nets
Armour
 a - a +0 robe (worn)
 l - a +2 hat (worn)
 x - a +2 cloak (worn)
Jewellery
 n - an amulet of guardian spirit
 A - an amulet of reflection
Wands
 t - a wand of charming (5)
Scrolls
 d - a scroll of magic mapping {unknown}
 e - 3 scrolls of teleportation
 f - a scroll of blinking
 h - 3 scrolls of amnesia
 i - a scroll of enchant weapon {unknown}
 m - a scroll of enchant armour {unknown}
 o - a scroll of poison
 q - a scroll of noise {unknown}
 s - a scroll of acquirement {unknown}
 z - a scroll of fog {unknown}
Potions
 b - 3 potions of magic
 g - a potion of brilliance {unknown}
 j - a potion of resistance {unknown}
 k - a potion of heal wounds {unknown}
 r - 2 potions of degeneration {unknown}
 u - a potion of berserk rage {unknown}
 v - 2 potions of curing
 w - a potion of flight {unknown}


   Skills:
 - Level 1.7 Dodging
 - Level 1.4 Stealth
 - Level 5.0 Spellcasting
 - Level 4.0 Conjurations
 + Level 4.1 Air Magic
 + Level 4.2 Poison Magic


You had 13 spell levels left.
You knew the following spells:

 Your Spells              Type           Power      Damage    Failure   Level
a - Shock                 Conj/Air       76%        1d7       2%          1
b - Static Discharge      Conj/Air       19%        N/A       3%          2

Your spell library contained the following spells:

 Spells                   Type           Power      Damage    Failure   Level
 Poisonous Vapours        Pois/Air       38%        N/A       3%          2
 Sting                    Tmut/Pois      48%        1d5       5%          1
 Swiftness                Air            19%        N/A       8%          3
 Slow                     Hex            16%        N/A       13%         1
 Blink                    Tloc           8%         N/A       21%         2
 Olgreb's Toxic Radiance  Pois           19%        N/A       22%         4
 Airstrike                Air            9%         N/A       24%         4
 Confusing Touch          Hex            4%         N/A       36%         3
 Lesser Beckoning         Tloc           4%         N/A       36%         3
 Summon Guardian Golem    Hex/Summ       4%         N/A       36%         3
 Vampiric Draining        Necr           4%         2d6       36%         3
 Manifold Assault         Tloc           4%         N/A       98%         5
 Orb of Destruction       Conj           9%         9d6       100%        7
 Spellforged Servitor     Conj/Summ      5%         N/A       100%        7


Dungeon Overview and Level Annotations

Branches:
Dungeon (6/15)
 Temple: D:4-7

Altars:
Ashenzari
Trog
Uskayaw
Yredelemnul

Shops:
D:2 (   D:6 ((


Innate Abilities, Weirdness & Mutations

You are too large for most types of armour.
You have tough skin. (AC +1)


Message History

An orc wizard comes into view. It is wielding a +0 dagger.
An orc comes into view.
It is wielding a +1 falchion of holy wrath.
The orc priest calls upon Beogh to heal the orc warrior.
The orc warrior is healed somewhat.
The orc priest calls upon Beogh to heal the orc warrior.
The orc warrior is healed somewhat.
(D) Dungeon
Where to? (Enter - D:5 @ (x,y), ? - help)
Okay, then.
There is a stone staircase leading up here.
The zap hits the orc warrior but does no damage.
The zap hits the orc warrior but does no damage.
The zap hits the orc priest.
The orc priest is moderately wounded.
The zap hits the orc warrior.
The orc warrior is lightly wounded.
The zap hits the orc priest.
The orc priest is severely wounded.
The orc priest mumbles some strange prayers to Beogh against you.
Beogh smites you!
The orc warrior hits you with a +0 dire flail!!
The orc warrior hits you with a +0 dire flail!
You climb upwards.
There is a stone staircase leading down here.
Unknown command.
You feel better. The orc warrior closely misses you.
Casting: Shock (safe; 2% risk of failure)
Confirm with . or Enter, or press ? or * to list all spells.
The orc warrior is struck by an arc of lightning.
The orc warrior is moderately wounded.
The lightning grounds out.
The orc warrior hits you with a +0 dire flail!
* * * LOW HITPOINT WARNING * * *
Casting: Static Discharge (safe; 3% risk of failure)
Confirm with . or Enter, or press ? or * to list all spells.
The orc warrior is struck by an arc of lightning.
The orc warrior is moderately wounded.
The lightning grounds out.
The orc warrior hits you with a +0 dire flail!
You die...

#...##))###.###...###....##..##..
#>..##'####.###...###....##..###'
#...##...#)..#...........<#......
#'####...#...#............#......
#.)......#...#............#..##..
#........#...#............#..####
#...†....#...#............#..#...
#...##..###.###...###....##..##..
#...##..###.###.@o###....##..##..
######.......................####
#.........................#
##..######................# ####
#.....#.....##..##
#.....########### #####.# ###


You could see an orc warrior.

Vanquished Creatures
  A water moccasin (D:5)
  An ice beast (D:6)
  A centaur (D:6)
  3 hounds
  2 orc priests
  4 iguanas
  2 orc wizards (D:5)
  6 adders
  4 gnolls
  A white imp (D:6)
  2 ufetubi
  2 worms
  2 dart slugs
  12 orcs
  7 bats
  6 endoplasms
  A giant cockroach (D:3)
  6 goblins
  6 hobgoblins
  5 quokkas
  8 ball pythons
  2 frilled lizards (D:1)
  6 kobolds
  5 rats
  A spectral orc (D:3)
96 creatures vanquished.

Vanquished Creatures (others)
  14 fungi (D:4)
14 creatures vanquished.

Grand Total: 110 creatures vanquished

Notes
Turn   | Place    | Note
-------+----------+-------------------------------------------
     0 | D:1      | Bruhh the Ogre Air Elementalist began the quest for the
                  | Orb.
     0 | D:1      | Reached XP level 1. HP: 16/16 MP: 3/3
   411 | D:1      | Reached skill level 3 in Spellcasting
   460 | D:1      | Reached XP level 2. HP: 13/24 MP: 0/6
   893 | D:1      | Reached XP level 3. HP: 30/31 MP: 5/8
   902 | D:1      | Reached skill level 4 in Spellcasting
  1400 | D:1      | Found a faded altar of an unknown god.
  1497 | D:2      | Reached skill level 1 in Conjurations
  1591 | D:2      | Found Paofos's Weapon Boutique.
  2017 | D:2      | Reached XP level 4. HP: 39/39 MP: 5/10
  2232 | D:2      | Learned a level 2 spell: Static Discharge
  2784 | D:3      | Found a basalt altar of Yredelemnul.
  3149 | D:3      | Reached skill level 5 in Spellcasting
  3149 | D:3      | Reached XP level 5. HP: 40/45 MP: 4/12
  3612 | D:4      | Found a bloodstained altar of Trog.
  3661 | D:4      | Reached skill level 1 in Poison Magic
  3722 | D:4      | Found a broken altar of Ashenzari.
  4037 | D:4      | Found a hide-covered altar of Uskayaw.
  4063 | D:4      | Reached XP level 6. HP: 53/53 MP: 9/13
  4493 | D:5      | Entered Level 5 of the Dungeon
  4870 | D:5      | Noticed a water moccasin
  4877 | D:5      | Identified the +10 hand axe of Ywnuad {holy, rC+}
  5030 | D:5      | Identified the +6 short sword "Rirphong" {vorpal, rPois
                  | Will+++ Str-5 Int-5}
  5237 | D:5      | Reached XP level 7. HP: 46/59 MP: 7/14
  5925 | D:6      | Found Viez's Antique Weapon Shoppe.
  6218 | D:6      | Found Racit's Antique Weapon Emporium.
  6272 | D:5      | Slain by an orc warrior

Illustrated notes

Levels and vault maps discovered:
D:1:      lemuel_arrival_river_bridge, layout_loops_ring,
          shapermc_ecumenical_altar_mp_vishouse
D:2:      layout_rooms, serial_shops, nicolae_shop_bloodbath_and_beyond,
          chequers_serial_rivers_small_3
D:3:      layout_loops_corners, yredelemnul_forgotten_temple_becter
D:4:      layout_basic, mainiacjoe_overflow_cross_hatched,
          nicolae_uskayaw_murder_on_the_dancefloor, cheibrodos_ashenzari_chains,
          chequers_serial_rivers_micro_a
D:5:      layout_gridville, feat_on_display
D:6:      layout_gridville, serial_shops, kennysheep_little_box,
          nicolae_stop_n_shop_2, shop, shop, minmay_fire_ice_demons,
          uniq_prince_ribbit1

Skill      XL: |  1  2  3  4  5  6  7 |
---------------+----------------------+-----
Spellcasting   | 3 4 5 |  5.0
Conjurations   | 1 2 3 4 |  4.0
Poison Magic   | 1 3 4 |  4.2
Air Magic      | 4 |  4.1
Dodging        | |  1.7
Stealth        | |  1.4

Action                   |  1- 3 |  4- 6 |  7- 9 || total
-------------------------+-------+-------+-------++-------
Melee: Unarmed           |    13 |       |       ||    13
       Club              |    10 |     3 |       ||    13
       Hand axe          |       |     4 |     4 ||     8
 Cast: Shock             |    76 |   108 |    39 ||   223
       Static Discharge  |       |    20 |    10 ||    30
  Use: Potion            |     1 |       |     1 ||     2
       Scroll            |       |     4 |       ||     4
Armor: Robe              |    19 |    27 |     6 ||    52
Dodge: Dodged            |    28 |    21 |    11 ||    60

Table legend: (Time is in decaauts)
 A = Elapsed time spent in this place.
 B = Non-inter-level travel time spent in this place.
 C = Inter-level travel time spent in this place.
 D = Time resting spent in this place.
 E = Time spent auto-exploring this place.
 F = Levels seen in this place.
 G = Mean time per level.
                   A        B        C        D        E       F      G
               +--------+--------+--------+--------+--------+-----+--------+
         Total |   6280 |   6073 |    207 |    153 |   5238 |   6 | 1046.7 |
       Dungeon |   6280 |   6073 |    207 |    153 |   5238 |   6 | 1046.7 |
               +--------+--------+--------+--------+--------+-----+--------+

Top non-repeatable levels by time:
     D:1: 1666 daAuts
     D:5: 1437 daAuts
     D:3: 1060 daAuts
     D:4: 899 daAuts
     D:2: 873 daAuts
     D:6: 343 daAuts
